 Dungeon Crawl Stone Soup version 0.19.5 (webtiles) character file.

71666 Azzok the Crack Shot (level 14, 0/124 HPs)
             Began as a Centaur Fighter on June 5, 2017.
             Was the Champion of Okawaru.
             Shot with an arrow by a centaur warrior (20 damage)
             ... on level 14 of the Dungeon.
             The game lasted 01:19:38 (38293 turns).

Azzok the Crack Shot (Centaur Fighter)             Turns: 38293, Time: 01:19:39

Health: 0/124      AC: 17    Str: 29    XL:     14   Next: 98%
Magic:  22/22      EV:  7    Int:  7    God:    Okawaru [******]
Gold:   752        SH:  0    Dex: 17    Spells: 2 memorised, 9 levels left

rFire  + . .     SeeInvis +     O - +1 longbow "Ogre's Nightmare" {flame, MR+}
rCold  + . .     Gourm    .     P - +1 leather armour of the Hidden Vale {rElec rF+ rC+ SInv}
rNeg   . . .     Faith    +     (shield currently unavailable)
rPois  +         Spirit   .     A - +2 helmet
rElec  +         Reflect  .     r - +2 cloak {MR+}
rCorr  .         Harm     .     w - +0 pair of gloves of Igun Ery {rC- Str+5 Dex+3}
MR     +++..                    n - +0 centaur barding {rC+}
Stlth  +.........               e - amulet of faith
                                J - +5 ring of dexterity
                                R - ring of poison resistance

@: very quick
A: hooves 3, deformed body, speed 2, tough skin 3
a: Heroism, Finesse, Renounce Religion


You were on level 14 of the Dungeon.
You worshipped Okawaru.
Okawaru was exalted by your worship.
You were not hungry.

You visited 3 branches of the dungeon, and saw 21 of its levels.
You also visited: Volcano.

You collected 1366 gold pieces.
You spent 614 gold pieces at shops.

Inventory:

Hand Weapons
 b - a +2 whip of electrocution
 g - a +2 triple sword of slicing
 y - a +0 longbow
 O - the +1 longbow "Ogre's Nightmare" (weapon) {flame, MR+}
   (Okawaru gifted it to you on level 14 of the Dungeon)

   It causes projectiles fired from it to burn those they strike, causing extra
   injury to most foes and up to half again as much damage against particularly
   susceptible opponents.
   It affects your resistance to hostile enchantments.
Missiles
 F - 599 arrows (quivered)
Armour
 c - a +0 shield
 n - a +0 centaur barding of cold resistance (worn)
 r - a +2 cloak of magic resistance (worn)
 w - the +0 pair of gloves of Igun Ery (worn) {rC- Str+5 Dex+3}
   (You found it on level 4 of the Lair of Beasts)

   It affects your strength (+5).
   It affects your dexterity (+3).
   It makes you vulnerable to cold.
 A - a +2 helmet (worn)
 P - the +1 leather armour of the Hidden Vale (worn) {rElec rF+ rC+ SInv}
   (You bought it in a shop on level 11 of the Dungeon)

   It protects you from fire.
   It protects you from cold.
   It insulates you from electricity.
   It lets you see invisible.
Jewellery
 e - an amulet of faith (around neck)
 q - an uncursed ring of fire
 J - a +5 ring of dexterity (right hand)
 K - an uncursed ring of protection from fire
 L - an uncursed ring of protection from cold
 R - a ring of poison resistance (left hand)
 Y - an uncursed ring of ice
Wands
 k - a wand of teleportation (0/9)
 p - a wand of slowing (18/48)
 u - a wand of digging (7/24)
 v - a wand of lightning (0/15)
 C - a wand of slowing (4/48)
 D - a wand of digging (8/24)
Scrolls
 h - 4 scrolls of blinking
 o - a scroll of amnesia
 s - 2 scrolls of remove curse
 x - 3 scrolls of teleportation
 B - 2 scrolls of fog
 I - a scroll of magic mapping
 M - a scroll of identify
 N - a scroll of enchant armour
 T - 3 scrolls of fear
 V - 2 scrolls of recharging {unknown}
Potions
 d - a potion of degeneration {unknown}
 j - 2 potions of curing
 l - a potion of agility
 m - a potion of cure mutation {unknown}
 G - 2 potions of resistance {unknown}
 Z - a potion of might
Comestibles
 f - 10 bread rations {@e1}
 i - 2 slices of pizza
 t - 6 fruits
 z - 3 chunks of flesh {@w0}
 E - 7 meat rations {@e2}
 H - 5 beef jerkies
 Q - 22 royal jellies


   Skills:
 - Level 11.3 Fighting
 - Level 1.7 Long Blades
 + Level 24.8 Bows
 - Level 2.1 Armour
 - Level 2.1 Shields
 - Level 11.8 Invocations


You had 9 spell levels left.
You knew the following spells:

 Your Spells              Type           Power        Failure   Level  Hunger
a - Blink                 Tloc           N/A          78%         2    ###....
b - Repel Missiles        Chrm/Air       #.....       78%         2    ###....


Dungeon Overview and Level Annotations

Branches:
Dungeon (14/15)            Temple (1/1) D:5            Lair (6/6) D:9
  Swamp (0/4) Lair:2       Spider (0/4) Lair:4        Slime (0/5) Lair:5
    Orc (0/2) D:11         Vaults (0/5) D:13

Altars:
Ashenzari
Cheibriados
Dithmenos
Elyvilon
Fedhas
Gozag
Hepliaklqana
Kikubaaqudgha
Makhleb
Nemelex Xobeh
Okawaru
Qazlal
Ru
Sif Muna
Trog
Uskayaw
Vehumet
Xom
Yredelemnul
Zin
The Shining One
Jiyva
Lugonu

Shops:
D:5 ?   D:8 [   D:9 }   D:11 [   D:13 %


Innate Abilities, Weirdness & Mutations

You have hooves in place of feet.
Armour fits poorly on your strangely shaped body.
You cover ground very quickly.
You have extremely tough skin. (AC +3)


Message History

The centaur warrior is lightly wounded.
The centaur warrior shoots an arrow.
The arrow hits you!
* * * LOW HITPOINT WARNING * * *
Firing (i - inventory):
F - 601 arrows (quivered)
Press: ? - help, Shift-Dir - straight line, f/p - centaur warrior
Aim: a centaur warrior, wielding a longbow (lightly wounded)
You shoot an arrow.
The arrow barely misses the centaur warrior.
The centaur warrior shoots an arrow.
The arrow hits you!!
* * * LOW HITPOINT WARNING * * *
Firing (i - inventory):
F - 600 arrows (quivered)
Press: ? - help, Shift-Dir - straight line, f/p - centaur warrior
Aim: a centaur warrior, wielding a longbow (lightly wounded)
You shoot an arrow.
The arrow barely misses the centaur warrior.
The centaur warrior shoots an arrow.
The arrow hits you but does no damage.
You take 30 damage, and have 17/124 hp.
MASSIVE DAMAGE!!
Unknown command.
The centaur warrior shoots an arrow.
The arrow hits you!!
You die...

▒▒▒▒▒▒▒▒▒▒▒▒▒▒▒▒▒▒▒▒▒▒▒▒▒▒▒▒▒▒▒▒▒
·(··············@················
······▒▒·c······▒··▒▒·····▒··▒···
··▒···▒▒········▒······▒·····▒··▒
··▒·············▒················
·····▒▒▒▒·······▒·▒▒'▒▒▒▒·▒······
·····▒ ▒·······▒·▒·····'···▒▒▒▒▒
·····▒ ▒·······▒·▒·····▒▒▒▒▒
·····▒ '·······▒·▒········▒
▒▒▒▒▒▒ ▒·······▒·▒··▒▒▒▒▒▒▒ ▒▒▒


You could see a centaur warrior.

Vanquished Creatures
  Rupert (D:12)
  Gastronok (Lair:2)
  Kirke (D:14)
  6 dire elephants (Lair:6)
  The ghost of Azzok the Markscentaur, a journeyman CeBe of Trog (D:10)
  8 hydras
  4 vault guards (D:13)
  An anaconda (Lair:6)
  5 centaur warriors
  4 death yaks (Lair:6)
  Nergalle (D:10)
  A flayed ghost (D:13)
  A wizard (D:14)
  An unseen horror (D:13)
  Pikel (D:4)
  5 hill giants
  A deep elf mage (D:14)
  2 cyclopes
  A manticore (D:12)
  An orc sorcerer (Volcano)
  6 ugly things
  4 elephants (Lair:6)
  3 black mambas
  A molten gargoyle (Volcano)
  A gargoyle (D:14)
  A smoke demon (Volcano)
  13 spiny frogs
  5 komodo dragons
  3 kobold demonologists (D:12)
  2 rime drakes
  A queen bee (D:9)
  A red devil (Volcano)
  6 trolls
  A hornet (D:13)
  2 polar bears
  A two-headed ogre (D:6)
  3 slime creatures
  5 hippogriffs
  12 blink frogs
  2 redbacks (Lair:4)
  2 fire bats
  3 shadows (D:13)
  4 wyverns
  4 wraiths (D:13)
  23 yaks
  4 hogs (D:14)
  A steam dragon (Lair:4)
  A hungry ghost (D:13)
  3 wargs
  4 vampire mosquitoes (D:13)
  2 soldier ants
  14 water moccasins
  Duvessa (D:5)
  2 hell hounds (Volcano)
  An ice beast (D:8)
  5 orc warriors
  3 slaves
  3 porcupines
  A sky beast (D:10)
  4 phantoms
  A black bear (D:10)
  An eye of draining (shapeshifter) (D:13)
  4 eyes of draining
  11 ogres
  9 wolves
  19 centaurs
  13 crocodiles
  3 big kobolds
  17 bullfrogs
  Dowan (D:5)
  A wyvern skeleton (D:13)
  4 scorpions
  A water moccasin skeleton (D:11)
  32 killer bees
  9 wights
  8 howler monkeys
  An electric eel (Lair:5)
  9 jellies
  2 crimson imps
  2 bullfrog zombies
  A quasit (D:11)
  9 lava snakes
  Crazy Yiuf (D:3)
  2 centaur zombies
  13 hounds
  13 orc wizards
  A centaur skeleton (D:12)
  6 orc priests
  4 bullfrog skeletons
  Jessica (D:3)
  Ijyb (D:2)
  7 iguanas
  6 worker ants
  A killer bee zombie (D:6)
  A hound zombie (D:8)
  2 howler monkey zombies
  2 worker ant zombies
  12 gnolls
  9 adders
  A shadow imp (D:10)
  5 oozes (D:9)
  4 adder skeletons
  2 adder zombies
  2 worms
  3 dart slugs
  7 leopard geckos
  41 orcs
  16 bats
  3 giant cockroaches
  14 goblins
  9 hobgoblins
  11 jackals
  3 quokkas
  8 frilled lizards
  20 kobolds
  A quokka skeleton (D:4)
  6 rats
  A bush (Lair:6)
  4 fungi
  2 plants (Lair:6)
608 creatures vanquished.

Vanquished Creatures (others)
  A slave (D:7)
  A bullfrog (D:7)
  A giant cockroach (D:5)
  A bush (Lair:3)
  2 demonic plants (D:12)
  16 fungi
  10 plants
32 creatures vanquished.

Grand Total: 640 creatures vanquished

Notes
Turn   | Place    | Note
-------+----------+-------------------------------------------
     0 | D:1      | Azzok the Centaur Fighter began the quest for the Orb.
     0 | D:1      | Reached XP level 1. HP: 19/19 MP: 1/1
   380 | D:1      | Reached XP level 2. HP: 26/26 MP: 2/2
  1040 | D:2      | Reached XP level 3. HP: 33/33 MP: 3/3
  1050 | D:2      | Noticed Ijyb
  1090 | D:2      | Killed Ijyb
  1329 | D:2      | Reached XP level 4. HP: 41/41 MP: 4/4
  1341 | D:2      | Found an opulent altar of Gozag.
  1483 | D:2      | Reached skill level 5 in Fighting
  1747 | D:2      | Reached XP level 5. HP: 50/50 MP: 5/5
  2055 | D:3      | Found a white marble altar of Elyvilon.
  2132 | D:3      | Noticed Jessica
  2142 | D:3      | Killed Jessica
  2553 | D:3      | Found a runed door.
  2557 | D:3      | Noticed Crazy Yiuf
  2567 | D:3      | Killed Crazy Yiuf
  3234 | D:4      | Found a deep blue altar of Sif Muna.
  3237 | D:4      | Found a blossoming altar of Fedhas.
  3240 | D:4      | Found a glowing silver altar of Zin.
  3453 | D:4      | Noticed a phantom
  3495 | D:4      | Killed a phantom
  3495 | D:4      | Reached XP level 6. HP: 54/60 MP: 6/6
  3617 | D:5      | Entered Level 5 of the Dungeon
  3617 | D:5      | Noticed a slave
  3618 | D:5      | Noticed a slave
  3632 | D:5      | Noticed Pikel
  3634 | D:5      | Noticed a slave
  3636 | D:5      | Noticed a slave
  3638 | D:5      | Killed a slave
  3645 | D:5      | Killed a slave
  3664 | D:5      | HP: 1/60 [Pikel/whip of electrocution (19)]
  3980 | D:4      | Killed a slave
  3983 | D:4      | Killed Pikel
  3983 | D:4      | Reached XP level 7. HP: 70/70 MP: 7/7
  4101 | D:5      | Noticed Duvessa
  4102 | D:5      | Noticed Dowan
  4109 | D:5      | Killed Duvessa
  4109 | D:5      | Reached XP level 8. HP: 76/79 MP: 8/8
  4132 | D:5      | Killed Dowan
  4461 | D:5      | Found a burning altar of Makhleb.
  4465 | D:5      | Reached skill level 10 in Fighting
  4469 | D:5      | Noticed a cacodemon
  4664 | D:5      | Found a staircase to the Ecumenical Temple.
  4697 | Temple   | Entered the Ecumenical Temple
  4852 | D:5      | Found Ajivif's Magic Scroll Shoppe.
  4855 | D:5      | Bought a scroll of noise for 10 gold pieces
  4855 | D:5      | Bought 3 scrolls of identify for 60 gold pieces
  4855 | D:5      | Bought a scroll of immolation for 35 gold pieces
  5642 | D:6      | Noticed a two-headed ogre
  5653 | D:6      | Killed a two-headed ogre
  5846 | D:6      | Found an iron altar of Okawaru.
  5853 | D:6      | Became a worshipper of Warmaster Okawaru
  5856 | D:6      | Found an ancient bone altar of Kikubaaqudgha.
  5859 | D:6      | Found a radiant altar of Vehumet.
  6015 | D:6      | Reached skill level 1 in Invocations
  6374 | D:6      | Found a sparkling altar of Nemelex Xobeh.
  6433 | D:7      | Reached XP level 9. HP: 89/89 MP: 11/11
  6566 | D:7      | Reached skill level 5 in Invocations
  6591 | D:7      | Reached * piety under Okawaru
  7432 | D:7      | Reached ** piety under Okawaru
  7620 | D:7      | Found a hide-covered altar of Uskayaw.
  7707 | D:8      | Identified 3 scrolls of acquirement
  7751 | D:8      | Reached skill level 1 in Bows
  7860 | D:8      | Found a bloodstained altar of Trog.
  7980 | D:8      | Reached skill level 2 in Bows
  8414 | D:7      | Reached skill level 3 in Bows
  8683 | D:8      | Reached skill level 4 in Bows
  8683 | D:8      | Reached XP level 10. HP: 54/96 MP: 10/16
  9159 | D:8      | Reached skill level 5 in Bows
  9377 | D:8      | Found a blossoming altar of Fedhas.
  9413 | D:8      | Found Xaiclot's Armour Emporium.
  9452 | D:8      | Found a shimmering altar of Xom.
  9487 | D:8      | Reached *** piety under Okawaru
  9487 | D:8      | Reached skill level 6 in Bows
  9725 | D:8      | Reached skill level 10 in Invocations
 10182 | D:9      | Reached skill level 7 in Bows
 10301 | D:9      | Reached skill level 8 in Bows
 10313 | D:9      | Reached **** piety under Okawaru
 10910 | D:9      | Reached skill level 9 in Bows
 11310 | D:9      | Received a gift from Okawaru
 11445 | D:9      | Reached XP level 11. HP: 68/102 MP: 15/19
 11660 | D:9      | Noticed a centaur warrior
 11668 | D:9      | Killed a centaur warrior
 11769 | D:9      | Found a staircase to the Lair.
 11814 | D:9      | Found Yhifyipn's Gadget Boutique.
 12350 | D:10     | Entered Level 10 of the Dungeon
 12382 | D:10     | Reached skill level 10 in Bows
 12487 | D:10     | Noticed Azzok's ghost (journeyman CeBe)
 13286 | D:10     | Killed Azzok's ghost
 13286 | D:10     | Reached skill level 11 in Bows
 14003 | D:10     | Noticed a hill giant
 14017 | D:10     | Killed a hill giant
 14241 | D:10     | Reached skill level 12 in Bows
 14250 | D:10     | Noticed Nergalle
 14796 | D:9      | Received a gift from Okawaru
 14986 | Lair:1   | Entered Level 1 of the Lair of Beasts
 14997 | D:9      | Received a gift from Okawaru
 14997 | D:9      | Reached skill level 13 in Bows
 15369 | Lair:1   | Reached ***** piety under Okawaru
 15761 | Lair:1   | Reached skill level 14 in Bows
 16301 | Lair:1   | Noticed a six-headed hydra
 16316 | Lair:1   | Killed a six-headed hydra
 16477 | Lair:2   | Found a staircase to the Swamp.
 16487 | Lair:2   | Received a gift from Okawaru
 16487 | Lair:2   | Reached XP level 12. HP: 109/110 MP: 20/20
 16634 | Lair:2   | Reached skill level 15 in Bows
 17609 | Lair:2   | Noticed Gastronok
 17661 | Lair:2   | Killed Gastronok
 17661 | Lair:2   | Received a gift from Okawaru
 17661 | Lair:2   | Reached skill level 16 in Bows
 17706 | Lair:2   | Learned a level 2 spell: Blink
 17709 | Lair:2   | Learned a level 2 spell: Repel Missiles
 18064 | Lair:3   | Found a dark tunnel.
 18086 | Volcano  | Entered a volcano
 18696 | Volcano  | Found a burning altar of Makhleb.
 19971 | Lair:3   | Reached skill level 17 in Bows
 22030 | Lair:4   | Reached skill level 18 in Bows
 22547 | Lair:4   | Got a pair of distressingly furry gloves
 22558 | Lair:4   | Identified the +0 pair of gloves of Igun Ery {rC- Str+5 Dex+3} (You found it on level 4 of the Lair of Beasts)
 22597 | Lair:4   | Found a hole to the Spider Nest.
 22936 | Lair:4   | Noticed a six-headed hydra
 22961 | Lair:4   | Killed a six-headed hydra
 23921 | Lair:5   | Noticed a six-headed hydra
 23933 | Lair:5   | Killed a six-headed hydra
 23933 | Lair:5   | Reached XP level 13. HP: 116/116 MP: 21/21
 24160 | Lair:5   | Reached skill level 19 in Bows
 25026 | Lair:5   | Received a gift from Okawaru
 25471 | Lair:5   | Found a viscous altar of Jiyva.
 25471 | Lair:5   | Found a staircase to the Slime Pits.
 25605 | Lair:6   | Entered Level 6 of the Lair of Beasts
 26687 | D:10     | Killed Nergalle
 26687 | D:10     | Received a gift from Okawaru
 27026 | D:11     | Found Xiumus's Armour Emporium.
 27075 | D:11     | Found a staircase to the Orcish Mines.
 27082 | D:11     | Bought the +1 leather armour of the Hidden Vale {rElec rF+ rC+ SInv} for 509 gold pieces
 27787 | D:12     | Reached skill level 20 in Bows
 28890 | D:12     | Noticed Rupert
 29153 | D:12     | Paralysed by an ogre mage for 4 turns
 30068 | Lair:6   | Reached skill level 21 in Bows
 30724 | Lair:6   | Received a gift from Okawaru
 30802 | Lair:6   | Received a gift from Okawaru
 31467 | Lair:6   | Noticed a dire elephant
 31471 | Lair:6   | Noticed a dire elephant
 31576 | Lair:6   | Killed a dire elephant
 31846 | Lair:6   | Noticed a dire elephant
 31846 | Lair:6   | Noticed a dire elephant
 31909 | Lair:6   | Noticed a dire elephant
 31965 | Lair:6   | Killed a dire elephant
 31965 | Lair:6   | Reached skill level 22 in Bows
 32053 | Lair:6   | Killed a dire elephant
 32217 | Lair:6   | Killed a dire elephant
 32217 | Lair:6   | Received a gift from Okawaru
 32217 | Lair:6   | Reached XP level 14. HP: 94/124 MP: 22/22
 33923 | D:12     | Found a corrupted altar of Lugonu.
 34128 | D:12     | Paralysed by Rupert for 3 turns
 34135 | D:12     | Paralysed by Rupert for 6 turns
 34224 | D:12     | Killed Rupert
 34705 | D:13     | Reached ****** piety under Okawaru
 34755 | D:13     | Reached skill level 23 in Bows
 34841 | D:13     | Found a gate to the Vaults.
 35374 | D:13     | Received a gift from Okawaru
 36007 | D:13     | Found Icassay's Food Shop.
 36059 | D:13     | Received a gift from Okawaru
 36240 | D:13     | Found a runed door.
 36381 | D:13     | Found a hazy altar of Hepliaklqana.
 36452 | D:13     | Found a radiant altar of Vehumet.
 36485 | D:13     | Found a burning altar of Makhleb.
 36504 | D:13     | Reached skill level 24 in Bows
 36536 | D:13     | Found a shimmering altar of Xom.
 36563 | D:13     | Found an iron altar of Okawaru.
 36581 | D:13     | Found a white marble altar of Elyvilon.
 38047 | D:14     | Noticed Kirke
 38111 | D:14     | Killed Kirke
 38192 | D:14     | Received a gift from Okawaru
 38195 | D:14     | Got a brightly glowing longbow {god gift}
 38196 | D:14     | Identified the +1 longbow "Ogre's Nightmare" {flame, MR+} (Okawaru gifted it to you on level 14 of the Dungeon)
 38293 | D:14     | Shot with an arrow by a centaur warrior

Skill      XL: |  1  2  3  4  5  6  7  8  9 10 11 12 13 14 |
---------------+-------------------------------------------+-----
Fighting       | 4 5 7 9 11 | 11.3
Invocations    | 3 9 11 | 11.8
Bows           | 4 9 14 18 22 24 | 24.8
Long Blades    | |  1.7
Armour         | |  2.1
Shields        | |  2.1

Action                   |  1- 3 |  4- 6 |  7- 9 | 10-12 | 13-15 || total
-------------------------+-------+-------+-------+-------+-------++-------
Melee: Long sword        |    47 |       |       |       |       ||    47
       Kick              |    20 |    44 |   112 |   447 |   207 ||   830
       Short sword       |    61 |   177 |       |       |       ||   238
       Mace              |       |     3 |       |       |       ||     3
       Whip              |       |       |   385 |  1239 |   325 ||  1949
       Quarterstaff      |       |       |       |       |    35 ||    35
 Fire: Shortbow          |       |       |       |       |   984 ||   984
       Longbow           |       |       |       |       |    17 ||    17
Invok: Heroism           |       |       |       |    16 |     3 ||    19
       Finesse           |       |       |       |     4 |     1 ||     5
Evoke: Wand              |       |       |       |    24 |    20 ||    44
  Use: Scroll            |       |     1 |    13 |     7 |     9 ||    30
       Potion            |       |     1 |     1 |     4 |     5 ||    11
 Stab: Paralysed         |       |       |       |    13 |       ||    13
  Eat: Chunk             |     1 |     5 |    14 |    38 |    33 ||    91
       Fruit             |       |       |       |     9 |     6 ||    15
Armor: Scale mail        |    42 |    71 |   179 |   573 |    82 ||   947
       Plate armour      |       |       |       |     6 |       ||     6
       Leather armour    |       |       |       |       |   171 ||   171
Dodge: Dodged            |    19 |    38 |    80 |   265 |   135 ||   537
Block: Shield            |    42 |    58 |   158 |   506 |   160 ||   924
       Rpst.: Long sword |     2 |       |       |       |       ||     2
